 Dungeon Crawl Stone Soup version 0.28-a0-1080-g05a166d0ed (webtiles) character file.

Game seed: 16480612719387763117

1820 ragingrage the Basher (level 9, -3/48 HPs)
             Began as a Gargoyle Warper on Dec 9, 2021.
             Shot with a sling bullet by Joseph (4 damage)
             ... on level 7 of the Dungeon.
             The game lasted 00:12:21 (9052 turns).

ragingrage the Basher (Gargoyle Warper)             Turns: 9052, Time: 00:12:21

Health: -3/48      AC: 24    Str: 17    XL:     9   Next: 10%
Magic:  12/12      EV: 10    Int: 14    God:
Gold:   86         SH:  0    Dex: 11    Spells: 9/12 levels left

rFire   + . .      SeeInvis .   w - +0 mace (protect)
rCold   . . .      Faith    .   (no shield)
rNeg    + . .      Spirit   .   e - +2 ring mail {rF+}
rPois   ∞          Reflect  .   t - +0 helmet
rElec   +          Harm     .   (no cloak)
rCorr   +          Rampage  .   z - +0 pair of gloves
Will    .....                   i - +1 pair of boots
Stlth   +.........              (no amulet)
HPRegen 0.16/turn               q - ring of resist corrosion
MPRegen 0.13/turn               (no ring)

@: under a protective aura, attractive
A: sickness immunity, AC +6, negative energy resistance 1, electricity
resistance, torment resistance 1, petrification resistance
a: no special abilities


You were on level 7 of the Dungeon.
You visited 1 branch of the dungeon, and saw 7 of its levels.

You collected 254 gold pieces.
You spent 168 gold pieces at shops.

Inventory:

Hand Weapons
 a - a +4 hand axe
 w - a +0 mace of protection (weapon)
Missiles
 d - 5 boomerangs of dispersal
 f - 23 poisoned darts (quivered)
 j - 2 boomerangs
 l - 2 datura-tipped darts
Armour
 e - a +2 ring mail of fire resistance (worn)
 i - a +1 pair of boots (worn)
 t - a +0 helmet (worn)
 z - a +0 pair of gloves (worn)
Jewellery
 m - a +4 ring of evasion
 n - an amulet of magic regeneration
 q - a ring of resist corrosion (left hand)
Wands
 k - a wand of acid (1)
Scrolls
 c - a scroll of blinking
 g - 3 scrolls of teleportation
 h - a scroll of amnesia
 p - 2 scrolls of fear
 r - 2 scrolls of identify
 s - 2 scrolls of magic mapping
 x - a scroll of brand weapon {unknown}
 y - a scroll of holy word {unknown}
Potions
 b - a potion of heal wounds {unknown}
 o - 2 potions of might
 v - a potion of curing


   Skills:
 - Level 2.1 Fighting
 * Level 11.6 Maces & Flails
 - Level 0.8 Throwing
 - Level 1.1 Armour
 - Level 1.5 Dodging
 - Level 2.0 Spellcasting
 - Level 2.6 Translocations


You had 9 spell levels left.
You knew the following spells:

 Your Spells              Type           Power      Damage    Failure   Level
a - Blink                 Tloc           16%        N/A       22%         2
b - Sting                 Tmut/Pois      4%         1d3       41%         1

Your spell library contained the following spells:

 Spells                   Type           Power      Damage    Failure   Level
 Magic Dart               Conj           4%         1d3       41%         1
 Gell's Gravitas          Tloc           8%         N/A       41%         3
 Lesser Beckoning         Tloc           8%         N/A       41%         3
 Teleport Other           Tloc           8%         N/A       41%         3
 Corpse Rot               Necr/Air       2%         N/A       54%         2
 Ensorcelled Hibernation  Hex/Ice        2%         N/A       54%         2
 Poisonous Vapours        Pois/Air       2%         N/A       54%         2
 Searing Ray              Conj           2%         2d4       54%         2
 Tukima's Dance           Hex            1%         N/A       78%         3
 Fulminant Prism          Conj/Hex       0%         3d6       99%         4
 Olgreb's Toxic Radiance  Pois           1%         N/A       99%         4
 Manifold Assault         Tloc           8%         N/A       99%         5


Dungeon Overview and Level Annotations

Branches:
Dungeon (7/15)
 Temple: D:4-7

Altars:
Cheibriados
Dithmenos
Elyvilon
Fedhas
Nemelex Xobeh
Ru
Wu Jian
Xom
Yredelemnul
Zin

Shops:
D:4 ?

Annotations:
D:5 3 runed translucent doors, AttackTheMoon's ghost, weakling KoDe; bande's ghost, novice GrFi
D:7 Joseph


Innate Abilities, Weirdness & Mutations

You are immune to sickness and miasma.
Your stone body is resilient. (AC +6)
You are immune to poison.
You resist negative energy. (rN+)
You are resistant to electric shocks. (rElec)
You are resistant to unholy torment.
You are immune to petrification.


Message History

You see here 21 bolts.
Throw: 25 darts (poison)
Press: ? - help, Q - select action, (/) - cycle Shift-Dir - straight line, f/p - Joseph
Aim: Joseph, wielding a +0 hunting sling, wearing a +0 ring mail and quivering sling bullets (moderately wounded, extremely poisoned, 60% to hit)
You throw a poisoned dart. The poisoned dart hits Joseph.
Joseph looks as sick as possible!
Joseph is moderately wounded.
Joseph says, "It's nothing personal, but I have to kill you."
Joseph shoots a sling bullet.
The sling bullet barely misses you.
You start resting.
Joseph is nearby!
Joseph unwields a +0 hunting sling.
Joseph wields a +0 quarterstaff.
Joseph barely misses you.
You sock Joseph!
Your weapon exudes an aura of protection.
Joseph is heavily wounded.
Joseph completely misses you.
You hit Joseph.
Joseph is severely wounded.
Throw: 24 darts (poison)
Press: ? - help, Q - select action, (/) - cycle Shift-Dir - straight line, f/p - Joseph
Aim: Joseph, wielding a +0 quarterstaff, wearing a +0 ring mail and quivering sling bullets (severely wounded, very poisoned, 60% to hit)
You throw a poisoned dart.
The poisoned dart closely misses Joseph.
Joseph drinks a potion.
Joseph seems to grow stronger.
You hit Joseph but do no damage.
Joseph is severely wounded.
Joseph barely misses you.
It was a potion of attraction.
You feel attractive to monsters. Joseph hits you with a +0 quarterstaff!
* * * LOW HITPOINT WARNING * * *
You hit Joseph.
Joseph is severely wounded.
Joseph hits you with a +0 quarterstaff!
* * * LOW HITPOINT WARNING * * *
Joseph says, "I'm here to kill trespassers.
I like my job."
Joseph unwields a +0 quarterstaff.
Joseph wields a +0 hunting sling.
Joseph shoots a sling bullet.
The sling bullet hits you.
You die...

####### ##.....##
##......<##
#........>#
#........@.# ######
##.........####....#
#....<....@....##
#.........###...##
#.........# ##...#
#>........#
#.#.@.....
#..........
#.###(....
#.........## ...
(..@ .........# ##.#
...


You could see Joseph (strong, very poisoned).

Vanquished Creatures
  An orc warrior (D:5)
  A sky beast (D:6)
  An ogre (D:5)
  A black bear (D:5)
  2 phantoms
  A bullfrog (D:6)
  A water moccasin zombie (D:5)
  A scorpion (D:4)
  A wyvern skeleton (D:5)
  A water moccasin skeleton (D:6)
  5 wights
  A howler monkey (D:5)
  A centaur zombie (D:6)
  5 hounds
  A gnoll shaman (D:4)
  A bullfrog zombie (D:6)
  2 orc priests
  3 bullfrog skeletons
  2 iguanas (D:5)
  5 orc wizards
  A hound skeleton (D:5)
  Robin (D:4)
  A howler monkey skeleton (D:5)
  3 gnolls
  5 adders
  2 white imps
  2 worms
  A dart slug (D:3)
  18 orcs
  2 endoplasms
  3 giant cockroaches
  11 goblins
  9 hobgoblins
  3 jackals (D:2)
  4 quokkas
  4 ball pythons
  4 bats
  3 frilled lizards
  9 kobolds
  5 rats
128 creatures vanquished.

Vanquished Creatures (others)
  3 plants (D:5)
  6 withered plants (D:5)
9 creatures vanquished.

Grand Total: 137 creatures vanquished

Notes
Turn   | Place    | Note
-------+----------+-------------------------------------------
     0 | D:1      | ragingrage the Gargoyle Warper began the quest for the Orb.
     0 | D:1      | Reached XP level 1. HP: 12/12 MP: 3/3
   376 | D:1      | Reached XP level 2. HP: 17/17 MP: 5/5
   666 | D:1      | Found a faded altar of an unknown god.
   835 | D:1      | Reached skill level 3 in Maces & Flails
  1006 | D:2      | Reached XP level 3. HP: 21/21 MP: 6/6
  1687 | D:2      | Reached skill level 4 in Maces & Flails
  1837 | D:2      | Found a blossoming altar of Fedhas.
  2388 | D:3      | Reached XP level 4. HP: 26/26 MP: 7/7
  2424 | D:3      | Found an ornate altar of the Wu Jian Council.
  2478 | D:3      | Found a sacrificial altar of Ru.
  2626 | D:3      | Learned a level 2 spell: Blink
  2629 | D:3      | Learned a level 1 spell: Sting
  3181 | D:3      | Reached skill level 5 in Maces & Flails
  3181 | D:3      | Reached XP level 5. HP: 25/30 MP: 5/8
  3244 | D:4      | You fall into a shaft and drop 1 floor!
  3244 | D:5      | Entered Level 5 of the Dungeon
  3244 | D:5      | Noticed a phantom
  3277 | D:5      | Killed a phantom
  3475 | D:5      | Reached skill level 6 in Maces & Flails
  3475 | D:5      | Reached XP level 6. HP: 31/35 MP: 5/9
  4007 | D:4      | Reached skill level 7 in Maces & Flails
  4291 | D:4      | Reached XP level 7. HP: 10/40 MP: 0/10
  4624 | D:4      | Found a shadowy altar of Dithmenos.
  4730 | D:4      | Found Letoade's Magic Scroll Emporium.
  4736 | D:4      | Bought a scroll of fear for 49 gold pieces
  4736 | D:4      | Bought a scroll of identify for 28 gold pieces
  4736 | D:4      | Bought a scroll of teleportation for 42 gold pieces
  4736 | D:4      | Bought a scroll of magic mapping for 49 gold pieces
  4747 | D:4      | Found a sparkling altar of Nemelex Xobeh.
  4842 | D:4      | Noticed Robin
  5024 | D:4      | Killed Robin
  5181 | D:5      | Found a glowing silver altar of Zin.
  5181 | D:5      | Noticed an angel
  5182 | D:5      | Found a shimmering altar of Xom.
  5218 | D:5      | Reached skill level 8 in Maces & Flails
  5753 | D:5      | Reached skill level 9 in Maces & Flails
  5753 | D:5      | Reached XP level 8. HP: 38/44 MP: 9/11
  6343 | D:5      | Found a white marble altar of Elyvilon.
  6419 | D:5      | Found a runed translucent gate.
  6420 | D:5      | Found a runed translucent gate.
  6420 | D:5      | Found a runed translucent gate.
  6420 | D:5      | Noticed bande's ghost (novice GrFi)
  6422 | D:5      | Noticed AttackTheMoon's ghost (weakling KoDe)
  7333 | D:5      | Reached skill level 10 in Maces & Flails
  8256 | D:6      | Reached skill level 11 in Maces & Flails
  8304 | D:6      | Found a basalt altar of Yredelemnul.
  8355 | D:6      | Found a snail-covered altar of Cheibriados.
  8548 | D:6      | Reached XP level 9. HP: 48/48 MP: 12/12
  9023 | D:7      | Noticed Joseph
  9051 | D:7      | HP: 1/48 [Joseph (8)]
  9052 | D:7      | Shot with a sling bullet by Joseph

Illustrated notes

Levels and vault maps discovered:
D:1:      erik_arrival_blinker_ship, layout_loops_ring,
          ebering_ecumenical_altar_mist, minmay_misc_feat_enclosed
D:2:      minmay_spotlight, layout_basic, basic_altar,
          hangedman_decor_clover_reticule, kennysheep_boxes
D:3:      minmay_door_path, layout_loops_ring, mainiacjoe_overflow_alcove_2,
          nicolae_ru_sacrificial_ziggurat, minivault_5, solitary_fountain
D:4:      layout_basic, nicolae_dithmenos_through_a_glass_darkly,
          mainiacjoe_overflow_surrounded_room, serial_shops,
          nicolae_diamond_shop, uniq_robin
D:5:      layout_basic, grunt_temple_overflow_order_and_chaos_1,
          nicolae_elyvilon_temple_path, gammafunk_ghost_cemetery
D:6:      minmay_octagon_keep, layout_loops_corners, mainiacjoe_overflow_paths,
          mainiacjoe_overflow_brackets
D:7:      layout_rooms, mainiacjoe_overflow_catch_the_wave,
          minmay_temple_entry_enclosed_plants, gammafunk_ghost_cemetery,
          nrook_uturn, eino_jars, uniq_pikel, uniq_harold, uniq_joseph

Skill      XL: |  1  2  3  4  5  6  7  8 |
---------------+-------------------------+-----
Maces & Flails | 3 4 5 6 7 9 11 | 11.6
Fighting       | |  2.1
Throwing       | |  0.8
Armour         | |  1.1
Dodging        | |  1.5
Spellcasting   | |  2.0
Translocations | |  2.6

Action                   |  1- 3 |  4- 6 |  7- 9 || total
-------------------------+-------+-------+-------++-------
Melee: Mace              |   156 |   158 |   318 ||   632
Throw: Dart              |       |       |    50 ||    50
 Cast: Sting             |       |    23 |    28 ||    51
Evoke: Wand              |       |       |     1 ||     1
  Use: Scroll            |       |       |     5 ||     5
       Potion            |       |       |     1 ||     1
Armor: Ring mail         |    85 |    94 |   173 ||   352
       Leather armour    |     2 |       |       ||     2
Dodge: Dodged            |    94 |    66 |   169 ||   329

Table legend: (Time is in decaauts)
 A = Elapsed time spent in this place.
 B = Non-inter-level travel time spent in this place.
 C = Inter-level travel time spent in this place.
 D = Time resting spent in this place.
 E = Time spent auto-exploring this place.
 F = Levels seen in this place.
 G = Mean time per level.
                   A        B        C        D        E       F      G
               +--------+--------+--------+--------+--------+-----+--------+
         Total |   9095 |   8594 |    501 |   2063 |   4733 |   7 | 1299.3 |
       Dungeon |   9095 |   8594 |    501 |   2063 |   4733 |   7 | 1299.3 |
               +--------+--------+--------+--------+--------+-----+--------+

Top non-repeatable levels by time:
     D:5: 2276 daAuts
     D:6: 1641 daAuts
     D:4: 1512 daAuts
     D:3: 1304 daAuts
     D:1: 1253 daAuts
     D:2: 1050 daAuts
     D:7: 55 daAuts
